 Dungeon Crawl Stone Soup version 0.24.0-1-gfbc8707122 (webtiles) character file.

Game seed: 4917326599565309525, levelgen mode: deterministic

249 Esekla the Chopper (level 6, -2/49 HPs)
             Began as a Formicid Wanderer on Oct 28, 2019.
             Was an Initiate of Makhleb.
             Slain by a mummy (5 damage)
             ... in an ossuary.
             The game lasted 00:21:41 (3463 turns).

Esekla the Chopper (Formicid Wanderer)              Turns: 3463, Time: 00:21:42

Health: -2/49      AC:  4    Str: 18    XL:     6   Next: 35%
Magic:  7/7        EV: 16    Int: 14    God:    Makhleb [......]
Gold:   170        SH:  5    Dex: 13    Spells: 7/7 levels left

rFire    + . .     SeeInvis +   a - +2 hand axe
rCold    . . .     Gourm    .   (no shield)
rNeg     . . .     Faith    .   u - +0 leather armour
rPois    .         Spirit   .   (helmet unavailable)
rElec    .         Reflect  +   (no cloak)
rCorr    .         Harm     .   c - +0 pair of gloves
MR       .....                  (no boots)
Stlth    ++........             d - +5 amulet of reflection
HPRegen  0.16/turn              (no ring)
MPRegen  0.10/turn              v - ring of protection from fire

@: agile
A: permanent stasis, dig shafts and tunnels, four strong arms, antennae 3
a: Dig, Shaft Self, Renounce Religion


You were in an ossuary.
You worshipped Makhleb.
Makhleb was noncommittal.
You were very hungry.

You visited 1 branch of the dungeon, and saw 6 of its levels.
You also visited: Ossuary.

You collected 170 gold pieces.

Inventory:

Hand Weapons
 a - a +2 hand axe (weapon)
 k - a +0 dagger of venom
Armour
 c - a +0 pair of gloves (worn)
 u - a +0 leather armour (worn)
Jewellery
 d - a +5 amulet of reflection (around neck)
 j - an uncursed ring of resist corrosion
 m - an uncursed amulet of faith {unknown}
 v - a ring of protection from fire (right hand)
Scrolls
 e - a scroll of magic mapping
 l - 2 scrolls of remove curse
 n - a scroll of amnesia {unknown}
 q - 2 scrolls of immolation {unknown}
 t - a scroll of random uselessness {unknown}
 w - a scroll of teleportation {unknown}
 x - a scroll of enchant armour {unknown}
 y - a scroll of fear {unknown}
Potions
 h - a potion of heal wounds {unknown}
 i - a potion of brilliance {unknown}
 o - a potion of mutation
 r - a potion of haste {unknown}
 s - a potion of resistance {unknown}
Comestibles
 f - 8 rations


   Skills:
 + Level 4.3 Fighting
 * Level 4.8 Axes
 + Level 2.1 Armour
 + Level 1.0 Dodging
 + Level 0.7 Stealth
   Level 2.4 Shields
 + Level 1.2 Spellcasting
   Level 2.0 Summonings


You had 7 spell levels left.
You didn't know any spells.
Your spell library contained the following spells:

 Spells                   Type           Power        Failure   Level  Hunger
 Summon Butterflies       Summ           #.......     14%         1    ##.....
 Confusing Touch          Hex            #.....       30%         1    ##.....
 Sandblast                Erth           #.....       30%         1    ##.....
 Call Canine Familiar     Summ           #.......     38%         3    ####...
 Confuse                  Hex            #.......     67%         3    ####...
 Gell's Gravitas          Tloc           #.........   67%         3    ####...
 Stone Arrow              Conj/Erth      #.....       67%         3    ####...
 Petrify                  Tmut/Erth      #.......     97%         4    #####..
 Metabolic Englaciation   Hex/Ice        #.........   100%        5    ######.
 Yara's Violent Unravell  Hex/Tmut       #.........   100%        5    ######.


Dungeon Overview and Level Annotations

Branches:
Dungeon (8/15)            Ossuary (1/1)
 Temple: D:4-7         Lair: D:8-11

Altars:
Gozag
Makhleb
Ru
Sif Muna

Shops:
D:5 *

Annotations:
D:2 Sigmund
D:3 Terence


Innate Abilities, Weirdness & Mutations

You cannot be hasted, slowed, berserked, paralysed or teleported.
You can dig through walls and to a lower floor.
Your four strong arms can wield two-handed weapons with a shield.
You have a pair of large antennae on your head. (SInv)


Message History

The world spins around you as you enter the gateway.
You enter an ossuary!
Beware, you cannot shaft yourself on this level. 3 mummies come into view.
Found a gate leading back out of this place.
There is an empty arch of ancient stone here.
There is a gate leading back out of this place here.
Okay, then.
You feel agile all of a sudden.
There is a gate leading back out of this place here.
You slash the mummy!
The mummy is heavily damaged.
You closely miss the mummy. The mummy hits you!
* * * LOW HITPOINT WARNING * * *
The mummy closely misses you. You block the mummy's attack.
The mummy completely misses you. The mummy hits you but does no damage.
You block the mummy's attack. The mummy hits you.
You die...

###
#..######
{
##...@M.#
#...∩MM.+
##......#
#..######
{ ###


You could see 3 mummies.

Vanquished Creatures
  A bullfrog zombie (D:5)
  2 hounds
  An orc priest (D:5)
  Natasha (D:2)
  2 adders
  An ooze (D:5)
  An adder skeleton (D:5)
  2 worms (D:3)
  6 leopard geckos
  4 orcs
  4 giant cockroaches
  4 goblins
  4 hobgoblins (D:1)
  6 jackals (D:1)
  A quokka (D:5)
  5 bats
  9 frilled lizards
  5 kobolds
  5 rats
64 creatures vanquished.

Notes
Turn   | Place    | Note
-------+----------+-------------------------------------------
     0 | D:1      | Esekla the Formicid Wanderer began the quest for the Orb.
     0 | D:1      | Esekla set off with the following items: a +2 hand axe, a
                  | +0 robe, a ration; and the following spells available to
                  | memorise: Summon Butterflies, Sandblast, Call Canine
                  | Familiar, Stone Arrow
     0 | D:1      | Reached XP level 1. HP: 18/18 MP: 2/2
    76 | D:1      | Reached XP level 2. HP: 19/24 MP: 3/3
   608 | D:1      | Reached XP level 3. HP: 18/30 MP: 4/4
  1463 | D:2      | Noticed Natasha
  1588 | D:2      | Killed Natasha
  1588 | D:2      | Reached XP level 4. HP: 21/37 MP: 5/5
  1685 | D:2      | Noticed Sigmund
  1688 | D:2      | You fall into a shaft and drop 2 floors!
  1865 | D:4      | Found a shimmering blue altar of Sif Muna.
  1971 | D:4      | Reached skill level 1 in Armour
  2152 | D:3      | Reached XP level 5. HP: 28/42 MP: 6/6
  2504 | D:3      | Noticed Terence
  2615 | D:5      | Entered Level 5 of the Dungeon
  2718 | D:5      | Found a sacrificial altar of Ru.
  2978 | D:5      | Reached XP level 6. HP: 48/48 MP: 7/7
  3211 | D:5      | Found an opulent altar of Gozag.
  3213 | D:5      | Found Gozag's Platinum Reserve.
  3370 | D:5      | Reached skill level 1 in Dodging
  3377 | D:5      | You fall into a shaft and drop 3 floors!
  3393 | D:8      | Found a burning altar of Makhleb.
  3397 | D:8      | Became a worshipper of Makhleb the Destroyer
  3441 | D:8      | Found a sand-covered staircase.
  3450 | Ossuary  | Entered an ossuary
  3457 | Ossuary  | HP: 2/49 [mummy (17)]
  3463 | Ossuary  | Slain by a mummy

Levels and vault maps discovered:
D:1:      dpeg_arrival_prison, layout_basic, minmay_lizard_pond
D:2:      layout_loops_ring, uniq_natasha, uniq_sigmund
D:3:      layout_basic, uniq_terence
D:4:      layout_rooms, nicolae_overflow_crystal_walls, first_ration,
          minmay_manual_moon, uniq_edmund
D:5:      layout_basic, nicolae_gozag_zags_fifth_avenue, serial_rivers,
          chequers_serial_rivers_small_3, chequers_serial_rivers_micro_a,
          chequers_serial_rivers_marsh, chequers_serial_rivers_marsh,
          chequers_serial_rivers_micro_c, nicolae_ru_awakened_eye
D:8:      layout_cave_pools, lightli_ossuary_entry_decrepit_ruins, serial_park,
          serial_park_square1 [serial_park_minivault_5x5_5], serial_park_square1
          [serial_park_minivault_5x5_5], serial_park_tiny_1, serial_park_tiny_2,
          serial_park_gazebo [serial_park_minivault_5x5_6], serial_park_tiny_1
Ossuary:  ossuary_minmay_chase

Skill      XL: |  1  2  3  4  5  6 |
---------------+-------------------+-----
Fighting       | 4 |  4.3
Axes           | 3 4 |  4.8
Armour         | 1 2 |  2.1
Dodging        | 1 |  1.0
Stealth        | |  0.7
Shields        | |  2.4
Spellcasting   | |  1.2
Summonings     | |  2.0

Action                   |  1- 3 |  4- 6 || total
-------------------------+-------+-------++-------
Melee: Hand axe          |   134 |   141 ||   275
 Abil: Shaft Self        |       |     2 ||     2
  Use: Scroll            |       |     4 ||     4
       Potion            |       |     1 ||     1
  Eat: Chunk             |     2 |     6 ||     8
Armor: Robe              |     2 |       ||     2
       Leather armour    |    27 |    27 ||    54
Dodge: Dodged            |    80 |    67 ||   147
Block: Other             |    26 |    25 ||    51
